 Dungeon Crawl Stone Soup version 0.28-a0-10-g964c8b829e (webtiles) character file.

Game seed: 13388199172598169937

16958 mg7810 the Spear-Bearer (level 12, -4/153 HPs)
             Began as a Hill Orc Fighter on June 5, 2021.
             Was an Elder of Nemelex Xobeh.
             Killed by divine providence
             ... invoked by an orc priest
              (11 damage)
             ... on level 2 of the Orcish Mines on July 25, 2021.
             The game lasted 00:47:26 (14422 turns).

mg7810 the Spear-Bearer (Hill Orc Fighter)         Turns: 14422, Time: 00:47:26

Health: -4/153     AC: 26    Str: 26    XL:     12   Next: 43%
Magic:  10/19      EV:  2    Int: 14    God:    Nemelex Xobeh [****..]
Gold:   416        SH:  0    Dex: 10    Spells: 11/11 levels left

rFire   . . .      SeeInvis .   V - +8 battleaxe of Crystal {freeze, Str+2}
rCold   . . .      Faith    .   (shield currently unavailable)
rNeg    + + +      Spirit   .   (armour currently unavailable)
rPois   +          Reflect  .   (helmet currently unavailable)
rElec   .          Harm     .   (cloak currently unavailable)
rCorr   .          Rampage  .   (gloves currently unavailable)
Will    .....      NoTele   +   (boots currently unavailable)
Stlth   +.........              (no amulet)
HPRegen 0.35/turn               d - +6 ring of intelligence
MPRegen 0.16/turn               q - ring of positive energy

@: tree-form, on berserk cooldown, slowed, very slow
A: stationary, stasis, torment immunity, boosted hp
a: Renounce Religion, Convert to Beogh, Draw Escape, Draw Destruction, Draw
Summoning, Triple Draw, Deal Four


You were on level 2 of the Orcish Mines.
You worshipped Nemelex Xobeh.
Nemelex Xobeh was greatly pleased with you.
You were a tree.
You visited 2 branches of the dungeon, and saw 12 of its levels.
You also visited: Ossuary.

You collected 928 gold pieces.
You spent 512 gold pieces at shops.

Inventory:

Hand Weapons
 a - a +0 war axe
 o - a +3 trident of distortion
 V - the +8 battleaxe of Crystal (weapon) {freeze, Str+2}
   (You bought it in a shop on level 9 of the Dungeon)

   It freezes those it strikes, dealing additional cold damage.
   It can also slow down cold-blooded creatures.
   Str:       It affects your strength (+2).
Missiles
 l - 41 poisoned darts (quivered)
 y - 7 silver boomerangs
 z - 25 boomerangs
 R - a curare-tipped dart
 U - 5 datura-tipped darts
Armour
 m - a +0 plate armour (melded)
 n - a +2 pair of boots (melded)
 C - the +0 kite shield "Jifahih" {rElec SInv}
   (You bought it in a shop on level 4 of the Dungeon)

   rElec:     It insulates you from electricity.
   SInv:      It lets you see invisible.
 J - a +2 pair of gloves (melded)
 M - a +2 helmet (melded)
Jewellery
 d - a +6 ring of intelligence (left branch)
 q - a ring of positive energy (right branch)
 t - a ring of ice
 u - a ring of magical power
 I - an amulet of magic regeneration
 P - a ring of resist corrosion
Wands
 r - a wand of flame (11)
 H - a wand of iceblast (10)
 N - a wand of digging (6)
 O - a wand of mindburst (15)
 S - a wand of charming (16)
Scrolls
 f - 7 scrolls of teleportation
 i - 2 scrolls of magic mapping
 j - 6 scrolls of immolation
 v - 3 scrolls of fog
 w - 2 scrolls of amnesia
 F - 4 scrolls of identify
 T - a scroll of enchant weapon
Potions
 b - a potion of magic
 c - a potion of mutation {unknown}
 g - a potion of attraction {unknown}
 h - 4 potions of curing
 k - a potion of berserk rage
 p - a potion of lignification
 x - a potion of invisibility
 B - a potion of brilliance {unknown}
 G - a potion of haste
 L - a potion of flight {unknown}
 Q - 2 potions of might
Miscellaneous
 K - a condenser vane


   Skills:
 + Level 8.2 Fighting
 + Level 5.8(10.4) Axes
 + Level 11.4(11.7) Polearms
 + Level 2.4 Throwing
 + Level 9.1 Armour
 + Level 1.7 Dodging
 + Level 9.0 Shields
 * Level 10.6 Invocations
 * Level 6.3 Evocations


You had 11 spell levels left.
You didn't know any spells.
Your spell library contained the following spells:

 Spells                   Type           Power      Damage    Failure   Level
 Animate Skeleton         Necr           0%         N/A       28%         1
 Apportation              Tloc           0%         N/A       28%         1
 Corona                   Hex            0%         N/A       28%         1
 Freeze                   Ice            0%         1d3       28%         1
 Shock                    Conj/Air       0%         1d3       28%         1
 Summon Small Mammal      Summ           0%         N/A       28%         1
 Static Discharge         Conj/Air       0%         N/A       41%         2
 Frozen Ramparts          Ice            0%         1d2       65%         3
 Ozocubu's Armour         Ice            0%         N/A       65%         3
 Swiftness                Air            0%         N/A       65%         3
 Airstrike                Air            0%         N/A       96%         4
 Hailstorm                Conj/Ice       0%         3d3       96%         4
 Bolt of Magma            Conj/Fire/Erth 0%         4d4       100%        5
 Iskenderun's Battlesphe  Conj           0%         2d6       100%        5
 Lightning Bolt           Conj/Air       0%         1d11      100%        5
 Metabolic Englaciation   Hex/Ice        0%         N/A       100%        5
 Iron Shot                Conj/Erth      0%         9d1       100%        6
 Orb of Destruction       Conj           0%         N/A       100%        7
 Spellforged Servitor     Conj/Summ      0%         N/A       100%        7


Dungeon Overview and Level Annotations

Branches:
Dungeon (10/15)            Temple (0/1) D:6            Lair (0/6) D:9
    Orc (2/2) D:10        Ossuary (visited)
    Elf: Orc:2

Altars:
Makhleb
Nemelex Xobeh
Xom
Beogh

Shops:
D:4 [(=   D:9 (   D:10 *   Orc:2 (


Message History

You draw a card...
You have drawn the Rangers.
The deck of cards glows slightly and disappears.
The orc priest shouts!
You hear a shout!
The orc priest mumbles some strange prayers to Beogh against you.
Beogh smites you!
* * * LOW HITPOINT WARNING * * *
A large rock appears from out of your range of vision.
The large rock hits your yaktaur!
An orc warrior comes into view. It is wielding a +0 mace.
An orc comes into view. It is wielding a +0 short sword.
Your yaktaur hits the orc warrior!
Your yaktaur wields a +0 arbalest.
Your yaktaur shoots a bolt.
The bolt closely misses the orc priest.
Your yaktaur hits the orc warrior.
The orc priest mumbles some strange prayers to Beogh against you.
Beogh smites you!
* * * LOW HITPOINT WARNING * * *
The orc priest shouts, "Surrender to Beogh and we'll let you live!"
Really quaff the potion of lignification?
Okay, then.
Really quaff the potion of lignification?
Okay, then.
Really quaff the potion of lignification?
Uppercase [Y]es or [N]o only, please.
Really quaff the potion of lignification?
You turn into a tree.
Your +2 helmet melds into your body.
Your +2 pair of gloves melds into your body.
Your +2 pair of boots melds into your body.
Your +0 plate armour melds into your body.
Your roots penetrate the ground.
Your yaktaur hits the orc warrior! x2
The orc warrior dies!
Your yaktaur shoots a bolt.
The bolt hits the orc!!
The orc dies!
The orc priest mumbles some strange prayers to Beogh against you.
Beogh smites you!
* * * LOW HITPOINT WARNING * * *
The orc priest mumbles some strange prayers to Beogh against you.
Beogh smites you!
You die...
Your body glows with a rainbow of weird colours and disappears.

....... .....#
...#.....$#...#.#
#...#...........#
................#
.........)).....##
.........#.......#
.........))).....#
..........).......
).....)♣..........
#.......c).........§
#..$....c)..........
#...)..c)o..........
#.........o.........
##.......o.)........
#$.......).o..∩....
##......)o........
#................


You could see an orc warrior, 2 orc priests, 2 orcs and 3 friendly yaktaurs.

Vanquished Creatures
  Erica (Orc:1)
  3 two-headed ogres
  2 orc knights (Orc:1)
  An orc sorcerer (Orc:1)
  A gargoyle (D:6)
  4 trolls
  Sigmund (D:4)
  A wraith (Ossuary)
  2 wyverns (D:10)
  3 steam dragons
  5 yaks (D:10)
  Edmund (D:4)
  2 wargs (Orc:1)
  A water moccasin (D:9)
  3 ice beasts (D:7)
  15 orc warriors
  A black bear (D:5)
  6 ogres
  2 necrophages
  3 centaurs
  A phantom (D:6)
  2 kobold brigands
  2 bullfrogs
  A scorpion (D:5)
  7 killer bees
  An electric eel (D:8)
  4 wights (D:8)
  3 howler monkeys
  5 centaur zombies
  A bullfrog zombie (D:6)
  A hound (D:4)
  2 jellies
  2 bullfrog skeletons
  3 gnoll shamans
  6 orc priests
  A human zombie (Ossuary)
  A centaur skeleton (D:6)
  7 iguanas
  17 orc wizards
  3 mummies (Ossuary)
  2 howler monkey zombies
  6 gnolls
  A river rat (Orc:1)
  7 adders
  2 ufetubi
  4 worms
  2 dart slugs
  63 orcs
  8 endoplasms
  3 giant cockroaches
  A gnoll zombie (Ossuary)
  18 goblins
  11 hobgoblins
  9 jackals
  7 quokkas
  6 ball pythons
  4 bats
  3 frilled lizards
  A goblin zombie (Ossuary)
  A hobgoblin zombie (Ossuary)
  10 kobolds
  3 kobold zombies (Ossuary)
  4 rats
304 creatures vanquished.

Vanquished Creatures (collateral kills)
  An orc warlord (Orc:1)
  A hydra (D:9)
  An efreet (D:9)
  A troll (D:10)
  A wyvern (Orc:1)
  A tarantella (Orc:1)
  4 orc warriors
  A swamp drake (Orc:1)
  An ice beast (Orc:1)
  A black bear (Orc:1)
  An ogre (Orc:1)
  A wolf (Orc:1)
  2 bullfrogs
  A centaur zombie (D:9)
  An orc priest (Orc:1)
  An iguana (Orc:1)
  3 orc wizards (Orc:1)
  2 gnolls (D:8)
  11 orcs
  A giant cockroach (Orc:1)
  A frilled lizard (Orc:1)
38 creatures vanquished.

Vanquished Creatures (others)
  A wind drake (shapeshifter) (D:9)
  A hornet (D:10)
  A vampire mosquito (D:9)
  12 plants
  9 withered plants (D:2)
24 creatures vanquished.

Grand Total: 366 creatures vanquished

Notes
Turn   | Place    | Note
-------+----------+-------------------------------------------
     0 | D:1      | mg7810 the Hill Orc Fighter began the quest for the Orb.
     0 | D:1      | Reached XP level 1. HP: 19/19 MP: 1/1
   144 | D:1      | Reached XP level 2. HP: 20/27 MP: 2/2
   527 | D:1      | Reached XP level 3. HP: 10/33 MP: 3/3
  1037 | D:2      | Reached XP level 4. HP: 34/40 MP: 4/4
  2106 | D:2      | Found a faded altar of an unknown god.
  2130 | D:2      | Became a worshipper of Xom the Tricky
  2539 | D:3      | XOM: noise
  2553 | D:3      | Reached XP level 5. HP: 22/47 MP: 5/5
  2647 | D:3      | Reached skill level 1 in Dodging
  2796 | D:3      | XOM: noise
  2992 | D:2      | XOM: silly message
  3367 | D:3      | XOM: silly message
  3373 | D:3      | Found a sparkling altar of Nemelex Xobeh.
  3385 | D:3      | Fell from the grace of Xom
  3385 | D:3      | Became a worshipper of Nemelex Xobeh the Trickster
  3736 | D:4      | Reached skill level 5 in Axes
  3788 | D:4      | Reached skill level 1 in Invocations
  3788 | D:4      | Reached XP level 6. HP: 53/53 MP: 6/6
  3807 | D:4      | Reached skill level 1 in Polearms
  4045 | D:4      | Found Cibbuumn's Jewellery Boutique.
  4094 | D:4      | Noticed Sigmund
  4144 | D:4      | Killed Sigmund
  4145 | D:4      | Reached skill level 5 in Fighting
  4145 | D:4      | Reached skill level 2 in Polearms
  4145 | D:4      | Reached XP level 7. HP: 39/61 MP: 8/8
  4261 | D:4      | Found Sehidamu's Weapon Boutique.
  4266 | D:4      | Noticed Edmund
  4282 | D:4      | Killed Edmund
  4283 | D:4      | Reached skill level 3 in Polearms
  4465 | D:4      | Found Poelusy's Antique Armour Emporium.
  4500 | D:4      | Reached * piety under Nemelex Xobeh
  4537 | D:5      | Entered Level 5 of the Dungeon
  4578 | D:5      | Reached skill level 4 in Polearms
  4610 | D:5      | Found a sand-covered staircase.
  4614 | Ossuary  | Entered an ossuary
  4614 | Ossuary  | Noticed a wraith
  4614 | Ossuary  | Noticed a wraith
  4614 | Ossuary  | Noticed a wraith
  4693 | Ossuary  | Received a gift from Nemelex Xobeh
  4728 | Ossuary  | Reached XP level 8. HP: 66/68 MP: 10/10
  4807 | Ossuary  | Noticed a wraith
  4828 | Ossuary  | Killed a wraith
  4829 | Ossuary  | Reached skill level 5 in Polearms
  4829 | Ossuary  | Reached skill level 5 in Armour
  4829 | Ossuary  | Reached skill level 5 in Shields
  5114 | Ossuary  | XOM: summons 7 hostile demons
  5539 | D:5      | Reached skill level 1 in Evocations
  6070 | D:5      | XOM: noise
  6110 | D:5      | XOM: noise
  6240 | D:6      | Reached skill level 6 in Polearms
  6298 | D:6      | Reached ** piety under Nemelex Xobeh
  6314 | D:6      | Found a staircase to the Ecumenical Temple.
  6511 | D:6      | Reached skill level 1 in Throwing
  6552 | D:6      | Reached XP level 9. HP: 59/75 MP: 12/12
  7056 | D:4      | Bought a shimmering kite shield for 228 gold pieces
  7056 | D:4      | Identified the +0 kite shield "Jifahih" {rElec SInv} (You
                  | bought it in a shop on level 4 of the Dungeon)
  7120 | D:6      | Noticed a gargoyle
  7128 | D:6      | Killed a gargoyle
  7129 | D:6      | Reached skill level 7 in Polearms
  7255 | D:7      | Reached skill level 8 in Polearms
  7262 | D:7      | XOM: swap monsters
  7602 | D:7      | Reached skill level 5 in Invocations
  8018 | D:7      | Reached *** piety under Nemelex Xobeh
  8427 | D:8      | XOM: 2-stop teleportation journey
  8431 | D:8      | Noticed an unseen horror
  8438 | D:8      | Banished an unseen horror
  8439 | D:8      | Reached skill level 9 in Polearms
  8439 | D:8      | Reached XP level 10. HP: 72/84 MP: 14/14
  8490 | D:8      | Received a gift from Nemelex Xobeh
  8502 | D:8      | XOM: 1-stop teleportation journey
  8514 | D:8      | XOM: noise
  9491 | D:8      | Received a gift from Nemelex Xobeh
  9609 | D:8      | Reached **** piety under Nemelex Xobeh
  9728 | D:9      | Received a gift from Nemelex Xobeh
  9728 | D:9      | Found Wuheec's Antique Weapon Shoppe.
  9900 | D:9      | Noticed a two-headed ogre
  9914 | D:9      | Killed a two-headed ogre
 10052 | D:9      | Found a staircase to the Lair.
 10456 | D:9      | Noticed a six-headed hydra
 10469 | D:9      | Killed a six-headed hydra
 10477 | D:9      | XOM: silly message
 10582 | D:9      | XOM: silly message
 10612 | D:9      | Reached XP level 11. HP: 92/92 MP: 16/16
 10704 | D:9      | Reached skill level 10 in Polearms
 10846 | D:9      | XOM: silly message
 10848 | D:9      | Found a burning altar of Makhleb.
 11158 | D:10     | Entered Level 10 of the Dungeon
 11197 | D:10     | XOM: silly message
 11605 | D:10     | XOM: noise
 11629 | D:10     | Reached skill level 5 in Evocations
 11696 | D:10     | Paralysed by a hornet for 1 turns
 11705 | D:10     | Paralysed by a hornet for 3 turns
 11707 | D:10     | HP: 4/92 [troll (8)]
 12054 | D:10     | Found Riadof's General Store.
 12154 | D:10     | Found a staircase to the Orcish Mines.
 12322 | D:10     | Bought 5 datura-tipped darts for 20 gold pieces
 12363 | D:9      | XOM: noise
 12402 | D:9      | Bought a steaming battleaxe for 264 gold pieces
 12402 | D:9      | Identified the +8 battleaxe of Crystal {freeze, Str+2} (You
                  | bought it in a shop on level 9 of the Dungeon)
 12478 | Orc:1    | Entered Level 1 of the Orcish Mines
 12478 | Orc:1    | Received a gift from Nemelex Xobeh
 12478 | Orc:1    | Noticed an orc warlord
 12494 | Orc:1    | Noticed an orc knight
 12495 | Orc:1    | an orc knight changed into a tarantella
 12500 | Orc:1    | Noticed an orc knight
 12508 | Orc:1    | Killed an orc warlord
 12552 | Orc:1    | HP: 3/93 [orc knight/+0 dire flail (26)]
 12554 | Orc:1    | Killed an orc knight
 13119 | Orc:1    | Found a roughly hewn altar of Beogh.
 13121 | Orc:1    | Noticed an orc knight
 13148 | Orc:1    | Killed an orc knight
 13665 | Orc:1    | Noticed a two-headed ogre
 13671 | Orc:1    | Noticed an orc sorcerer
 13675 | Orc:1    | Killed a two-headed ogre
 13676 | Orc:1    | Reached skill level 11 in Polearms
 13676 | Orc:1    | Noticed a soul eater
 13677 | Orc:1    | Noticed an orc warlord
 13690 | Orc:1    | Killed an orc sorcerer
 13697 | Orc:1    | Reached XP level 12. HP: 66/101 MP: 19/19
 13701 | Orc:1    | Noticed Erica
 13705 | Orc:1    | Banished an orc warlord
 13706 | Orc:1    | Reached skill level 10 in Invocations
 13743 | Orc:1    | Killed Erica
 14354 | Orc:1    | Upgraded the game from 0.27-a0-1217-g8a41f320e8 to
                  | 0.28-a0-10-g964c8b829e
 14374 | Orc:2    | Entered Level 2 of the Orcish Mines
 14403 | Orc:2    | Noticed a two-headed ogre
 14411 | Orc:2    | Killed a two-headed ogre
 14416 | Orc:2    | Found Qafyidgha's Weapon Shoppe.
 14422 | Orc:2    | HP: 7/153 [orc priest/divine providence (14)]
 14422 | Orc:2    | Killed from afar by an orc priest

Illustrated notes

Levels and vault maps discovered:
D:1:      dpeg_arrival_renting, layout_rooms
D:2:      cheibrodos_greedy_goblins, layout_basic,
          shapermc_ecumenical_altar_flowoftime
D:3:      layout_basic, nemelex_diamond_rough_becter
D:4:      layout_cave_pools, serial_shops, kennysheep_mini_moat,
          kennysheep_mini, nicolae_shop_statue_plus, uniq_edmund, uniq_sigmund
D:5:      layout_basic, enter_ossuary_5, minmay_door_square
D:6:      layout_loops_ring, minmay_temple_entry_statues_pillars
D:7:      layout_loops_ring
D:8:      layout_basic, kennysheep_diamond, hex_intersection, kennysheep_dice
D:9:      nzn_winding_woodlands_medium [nzn_winding_woodlands_5x5_cross,
          nzn_winding_woodlands_5x15_sawtooth,
          nzn_winding_woodlands_5x5_default,
          nzn_winding_woodlands_5x5_perimeter,
          nzn_winding_woodlands_center_triple_pond,
          nzn_winding_woodlands_5x5_three, nzn_winding_woodlands_5x5_open_star,
          nzn_winding_woodlands_5x15_garden,
          nzn_winding_woodlands_5x5_checkerboard], layout_loops_ring,
          lemuel_round_altar, lair_entry_dummy, serial_shops, shop
D:10:     layout_cave_pools, orc_0_dummy, serial_shops, shop
Orc:1:    layout_caves, basic_altar, uniq_erica
Orc:2:    kennysheep_orc_mage_school, layout_caves, serial_shops, shop

Skill      XL: |  1  2  3  4  5  6  7  8  9 10 11 12 |
---------------+-------------------------------------+-----
Fighting       | 4 5 6 7 8 |  8.2
Axes           | 3 4 5 |  5.8
Dodging        | 1 |  1.7
Shields        | 4 5 6 7 8 9 |  9.0
Armour         | 4 5 6 7 8 9 |  9.1
Invocations    | 1 2 3 4 5 7 9 10 | 10.6
Polearms       | 2 4 6 9 11 | 11.4
Evocations     | 1 3 4 5 6 |  6.3
Throwing       | 1 2 |  2.4

Action                   |  1- 3 |  4- 6 |  7- 9 | 10-12 || total
-------------------------+-------+-------+-------+-------++-------
Melee: War axe           |    77 |   178 |       |       ||   255
       Trident           |       |    55 |   276 |   443 ||   774
       Battleaxe         |       |       |       |    11 ||    11
Throw: Dart              |       |       |     4 |    16 ||    20
Invok: Draw Destruction  |       |       |       |     8 ||     8
       Draw Summoning    |       |       |       |     5 ||     5
       Deal Four         |       |       |       |     4 ||     4
Evoke: Wand              |       |       |       |     4 ||     4
  Use: Potion            |       |     4 |       |     8 ||    12
       Scroll            |       |       |    13 |     5 ||    18
Armor: Scale mail        |    44 |    34 |       |       ||    78
       Plate armour      |       |   132 |   178 |   336 ||   646
Dodge: Dodged            |    31 |    67 |    43 |   140 ||   281
Block: Kite shield       |    39 |   131 |   125 |   302 ||   597

Table legend: (Time is in decaauts)
 A = Elapsed time spent in this place.
 B = Non-inter-level travel time spent in this place.
 C = Inter-level travel time spent in this place.
 D = Time resting spent in this place.
 E = Time spent auto-exploring this place.
 F = Levels seen in this place.
 G = Mean time per level.
                   A        B        C        D        E       F      G
               +--------+--------+--------+--------+--------+-----+--------+
         Total |  14628 |  14003 |    625 |      2 |  11149 |  13 | 1125.2 |
       Dungeon |  11798 |  11173 |    625 |      0 |   8957 |  10 | 1179.8 |
  Orcish Mines |   1919 |   1919 |      0 |      2 |   1503 |   2 |  959.5 |
       Ossuary |    910 |    910 |      0 |      0 |    688 |   1 |  910.0 |
               +--------+--------+--------+--------+--------+-----+--------+

Top non-repeatable levels by time:
   Orc:1: 1873 daAuts
     D:2: 1829 daAuts
     D:9: 1548 daAuts
     D:8: 1460 daAuts
    D:10: 1207 daAuts
     D:7: 1129 daAuts
     D:3: 1038 daAuts
     D:1: 978 daAuts
 Ossuary: 910 daAuts
     D:5: 873 daAuts
     D:4: 868 daAuts
     D:6: 864 daAuts
   Orc:2: 46 daAuts
